 Dungeon Crawl Stone Soup version 0.25-a0-829-g4e6a552925 (webtiles) character file.

Game seed: 12930231112084328560, levelgen mode: classic

54 EnegeticOcto the Skirmisher (level 3, -6/34 HPs)
             Began as a Minotaur Fighter on Apr 21, 2020.
             Mangled by an ice beast (11 damage)
             ... on level 2 of the Dungeon.
             The game lasted 00:00:25 (1012 turns).

EnegeticOcto the Skirmisher (Minotaur Fighter)      Turns: 1012, Time: 00:00:26

Health: -6/34      AC:  7    Str: 21    XL:     3   Next: 66%
Magic:  2/2        EV:  7    Int:  5    God:
Gold:   66         SH:  9    Dex:  9    Spells: 2/2 levels left

rFire    + . .     SeeInvis +   a - +0 war axe
rCold    . . .     Gourm    .   c - +0 kite shield
rNeg     . . .     Faith    .   b - +0 scale mail
rPois    .         Spirit   .   (helmet restricted)
rElec    .         Reflect  .   (no cloak)
rCorr    .         Harm     .   (no gloves)
MR       .....                  (no boots)
Stlth    ..........             (no amulet)
HPRegen  0.11/turn              h - ring of protection from fire
MPRegen  0.08/turn              i - ring of see invisible

@: no status effects
A: retaliatory headbutt, horns 2
a: no special abilities


You were on level 2 of the Dungeon.
You were not hungry.

You visited 1 branch of the dungeon, and saw 2 of its levels.

You collected 66 gold pieces.

Inventory:

Hand Weapons
 a - a +0 war axe (weapon)
Armour
 b - a +0 scale mail (worn)
 c - a +0 kite shield (worn)
Jewellery
 h - a ring of protection from fire (left hand)
 i - a ring of see invisible (right hand)
Scrolls
 d - a scroll of remove curse {unknown}
 j - a scroll of teleportation {unknown}
Potions
 f - 4 potions of lignification {unknown}
 k - a potion of might {@q3}
 l - a potion of brilliance {unknown}
 m - a potion of stabbing {unknown}
Comestibles
 e - 4 rations
 g - 4 chunks of flesh


   Skills:
 * Level 4.4 Fighting
 * Level 3.5 Axes
 + Level 4.0 Armour
 + Level 4.0 Shields


You had 2 spell levels left.
You didn't know any spells.
Your spell library was empty.

Dungeon Overview and Level Annotations

Branches:
Dungeon (2/15)

Altars:


Innate Abilities, Weirdness & Mutations

You reflexively headbutt those who attack you in melee.
You have a pair of horns on your head.


Message History

You furiously retaliate!
You headbutt the giant cockroach.
You kill the giant cockroach!
No target in view!
No target in view!
Found 11 gold pieces and 2 cyan potions.
Things that are here:
a +0 club; a giant cockroach corpse; an adder corpse You butcher the giant cockroach corpse.
g - 2 chunks of flesh You butcher the adder corpse.
g - 4 chunks of flesh (gained 2)
Things that are here:
a +0 club; an adder skeleton
Things that are here:
a +0 club; an adder skeleton You now have 66 gold pieces (gained 11).
f - 4 cyan potions (gained 2)
A giant cockroach comes into view.
A giant cockroach is nearby!
A giant cockroach is nearby!
A giant cockroach is nearby!
The giant cockroach bites you but does no damage.
You block the giant cockroach's attack.
Your shield and scale mail prevent you from hitting the giant cockroach.
You block the giant cockroach's attack.
You hit the giant cockroach.
The giant cockroach is severely wounded.
The giant cockroach bites you but does no damage. x2
Your shield prevents you from hitting the giant cockroach.
The giant cockroach is severely wounded.
The giant cockroach bites you but does no damage.
You block the giant cockroach's attack.
A giant cockroach is nearby!
A giant cockroach is nearby!
A giant cockroach is nearby!
A giant cockroach is nearby!
A giant cockroach is nearby!
You hit the giant cockroach.
You kill the giant cockroach!
No target in view!
No target in view!
No target in view!
No target in view!
No target in view!
A leopard gecko comes into view.
The leopard gecko hisses angrily.
You hear a shout!
An ice beast comes into view.
There are monsters nearby!
There are monsters nearby!
There are monsters nearby!
There are monsters nearby!
There are monsters nearby!
There are monsters nearby!
You slash the leopard gecko!
You kill the leopard gecko!
A hobgoblin comes into view. It is wielding a +0 club.
Your shield prevents you from hitting the ice beast.
The ice beast hits you. The ice beast freezes you!
You are too injured to fight recklessly!
You are too injured to fight recklessly!
You are too injured to fight recklessly!
You are too injured to fight recklessly!
You are too injured to fight recklessly!
You are too injured to fight recklessly!
You are too injured to fight recklessly!
You are too injured to fight recklessly!
You are too injured to fight recklessly!
You are too injured to fight recklessly!
There are monsters nearby!
There are monsters nearby!
There are monsters nearby!
There are monsters nearby!
You are too injured to fight recklessly!
Sorry, you're not good enough to have a special ability.
You hit the ice beast but do no damage.
The ice beast hits you but does no damage.
The ice beast hits you. The ice beast freezes you!
* * * LOW HITPOINT WARNING * * *
You closely miss the ice beast. You block the ice beast's attack.
You hit the ice beast but do no damage. You headbutt the ice beast.
The ice beast is lightly wounded.
The ice beast hits you but does no damage.
You hit the ice beast. Your headbutt misses the ice beast.
The ice beast is moderately wounded.
You block the ice beast's attack.
The ice beast hits you but does no damage.
Your shield and scale mail prevent you from hitting the ice beast.
You headbutt the ice beast, but do no damage.
The ice beast is moderately wounded.
The ice beast hits you but does no damage.
You hit the ice beast.
The ice beast is heavily wounded.
You block the ice beast's attack.
The ice beast hits you but does no damage.
You slash the ice beast!
The ice beast is almost dead.
The ice beast hits you.
* * * LOW HITPOINT WARNING * * *
The ice beast freezes you!
You die...

#.# #....)..#
#..#. #.#
####..........
...#. #.#
#..........###
###.#. #.#
#.##.......# ..#.
#.# #.##########
#.# #.# #.# #.#
##### #.#
#.###...##
#.######.##.###@#
#.#......#.##
##Y#
##.#.......## #g#
.........#.# ...
##.#.......# ##.
#.#......#. .#
#.#>#.##. .. #
#.....### #.
#..#..# .#


You could see an ice beast and a hobgoblin.

Vanquished Creatures
  2 adders (D:2)
  2 oozes (D:2)
  A leopard gecko (D:2)
  3 bats
  2 giant cockroaches (D:2)
  2 goblins
  2 hobgoblins
  5 jackals
  A kobold (D:1)
  A frilled lizard (D:2)
  5 rats (D:1)
26 creatures vanquished.

Notes
Turn   | Place    | Note
-------+----------+-------------------------------------------
     0 | D:1      | EnegeticOcto the Minotaur Fighter began the quest for the
                  | Orb.
     0 | D:1      | Reached XP level 1. HP: 19/19 MP: 0/0
   351 | D:1      | Reached XP level 2. HP: 27/27 MP: 1/1
   888 | D:2      | Reached XP level 3. HP: 29/33 MP: 2/2
  1002 | D:2      | Noticed an ice beast
  1012 | D:2      | Mangled by an ice beast

Levels and vault maps discovered:
D:1:      minmay_arrival_loop, layout_rooms, serial_bayou, serial_bayou_lake_a,
          serial_bayou_pond_b, serial_bayou_pond_d, serial_bayou_shore_b,
          minmay_tromino_mix6
D:2:      layout_loops_ring

Skill      XL: |  1  2  3 |
---------------+----------+-----
Axes           | 3 |  3.5
Fighting       | 4 |  4.4
Armour         | 4 |  4.0
Shields        | 4 |  4.0

Action                   || total
-------------------------++-------
Melee: War axe           ||    62
       Headbutt          ||    10
Armor: Scale mail        ||    36
Dodge: Dodged            ||    19
Block: Kite shield       ||    42

Table legend:
 A = Non-vault XP
 B = Vault XP
 C = Vault XP percentage of total XP
 D = Non-vault monster count
 E = Vault monster count
 F = Vault count percentage of total count
                 A         B        C        D         E       F
            +---------+---------+-------+---------+---------+-------
      Total |      69 |       9 |  11.5 |      20 |       6 |  23.1
            +---------+---------+-------+---------+---------+-------
        D:1 |       6 |       9 |  60.0 |       4 |       6 |  60.0
        D:2 |      63 |       0 |   0.0 |      16 |       0 |   0.0
            +---------+---------+-------+---------+---------+-------
